 Dungeon Crawl Stone Soup version 0.31-a0-675-g238779eb0a (webtiles) character file.

Game seed: 3579281440254318822

26 Bravepunisher the Ducker (level 2, 0/16 HPs)
             Began as a Spriggan Monk on Sept 5, 2023.
             Killed by nerve-wracking pain
             ... invoked by an orc priest
              (3 damage)
             ... on level 6 of the Dungeon.
             The game lasted 00:02:37 (611 turns).

Bravepunisher the Ducker (Spriggan Monk)             Turns: 611, Time: 00:02:37

Health: 0/16       AC:  2    Str:  7    XL:     2   Next: 89%
Magic:  3/3        EV: 19    Int: 11    God:
Gold:   21         SH:  0    Dex: 17    Spells: 1/1 levels left

rFire   . . .        j - +2 short sword (speed)
rCold   . . .        d - orb {light}
rNeg    . . .        b - +0 robe
rPois   .            (helmet restricted)
rElec   .            (no cloak)
rCorr   .            (gloves unavailable)
SInv    +            (boots unavailable)
Will    .....        (no amulet)
Stlth   +            (no ring)
HPRegen 0.22/turn    (no ring)
MPRegen 0.08/turn

%: no passive effects
@: glowing, very quick
A: very small, no large weapons, unfitting armour, see invisible, speed 3
a: no special abilities


You were on level 6 of the Dungeon.
You visited 1 branch of the dungeon, and saw 6 of its levels.

You collected 21 gold pieces.

Inventory:

Hand Weapons
 a - a +0 short sword
 j - a +2 short sword of speed (weapon)
Armour
 b - a +0 robe (worn)
 d - an orb of light (worn)
Scrolls
 f - a scroll of revelation {unknown}
 g - a scroll of blinking
 h - a scroll of fear {unknown}
 i - a scroll of enchant weapon {unknown}
Potions
 c - a potion of ambrosia
 e - a potion of heal wounds {unknown}


   Skills:
 + Level 2.7 Fighting
 - Level 3.2 Short Blades
 * Level 5.1 Dodging


You had one spell level left.
You didn't know any spells.
Your spell library was empty.

Dungeon Overview and Level Annotations

Branches:
Dungeon (6/15)
 Temple: D:4-7

Altars:
Ashenzari

Annotations:
D:4 Blork the orc
D:5 Edmund


Innate Abilities, Weirdness & Mutations

You are very small and have problems with some larger weapons.
You are too small for most types of armour.
You have supernaturally acute eyesight. (SInv)
You cover ground extremely quickly. (Speed+++)


Message History

You hit the orc.
The orc is almost dead.
You barely miss the orc.
The orc is almost dead.
The orc completely misses you.
You hit the orc.
You kill the orc!
Blink to where?
Press: ? - help, Dir - move target An orc and an adder come into view.
As you read the scroll labelled NEHYPR JAGG, it crumbles to dust.
It was a scroll of blinking.
The orc shouts!
The adder hisses angrily.
You hear a shout!
The phantom hits you.
An orc wizard comes into view. It is wielding a +0 dagger.
Found a bubbling golden potion.
The orc wizard shouts!
The phantom attacks as it pursues you! The phantom completely misses you.
The orc misses you. The adder attacks as it pursues you!
The adder closely misses you. The orc attacks as it pursues you!
The orc completely misses you.
You open the door. The adder completely misses you. The orc closely misses you.
There is an open door here.
The orc wizard casts a spell.
The orc wizard flickers and vanishes for a moment.
Found a dagger.
You see here a +0 dagger.
An orc priest comes into view. It is wielding a +0 flail.
An orc wizard and an iguana come into view.
The iguana hisses angrily.
The orc priest mumbles some strange prayers to Beogh against you.
Beogh smites you!
Ouch! That really hurt!
* * * LOW HITPOINT WARNING * * *
An orc wizard comes into view.
It is wielding a +0 dagger. 2 orcs and an iguana come into view.
The orc wizard shouts!
The orc shouts! x2; The iguana hisses angrily.
The orc priest calls down the wrath of Beogh upon you.
Pain shoots through your body!
You die...

..###....
#...#....
#######
#......
.......
###......
...o...
........#
.l...lo
###...#..
.o.....##
###.###
........#
#.# #
..o...o@#
#.###
..#####.#
#.... #.#
##### #.#
#.# #.#
#S# #)#
#.#


You could see 2 iguanas, an orc priest, 2 orc wizards, an adder and 2 orcs.

Vanquished Creatures
  An adder (D:2)
  2 orcs (D:6)
  A ball python (D:4)
  3 bats
  An endoplasm (D:2)
  2 kobolds (D:1)
  2 quokkas (D:2)
  A frilled lizard (D:2)
  2 rats (D:2)
15 creatures vanquished.

Notes
Turn   | Place    | Note
-------+----------+-------------------------------------------
     0 | D:1      | Bravepunisher the Spriggan Monk began the quest for the
                  | Orb.
     0 | D:1      | Reached XP level 1. HP: 11/11 MP: 2/2
   228 | D:2      | Reached XP level 2. HP: 16/16 MP: 3/3
   386 | D:4      | Reached skill level 5 in Dodging
   395 | D:5      | Entered Level 5 of the Dungeon
   418 | D:4      | Noticed Blork the orc
   449 | D:4      | Noticed a scorpion
   473 | D:5      | Noticed an ogre
   480 | D:5      | Found a broken altar of Ashenzari.
   484 | D:5      | Saw a vision of the Shoals and the Snake Pit.
   484 | D:5      | Noticed a skyshark
   484 | D:5      | Noticed a cyclops
   484 | D:5      | Noticed an alligator snapping turtle
   484 | D:5      | Noticed a sea snake
   484 | D:5      | Noticed a merfolk
   484 | D:5      | Noticed a manticore
   484 | D:5      | Noticed a skyshark
   484 | D:5      | Noticed a manticore
   484 | D:5      | Noticed a sea snake
   484 | D:5      | Noticed a manticore
   484 | D:5      | Noticed a sea snake
   484 | D:5      | Noticed a merfolk
   484 | D:5      | Noticed a mana viper
   484 | D:5      | Noticed a naga ritualist
   484 | D:5      | Noticed a naga
   484 | D:5      | Noticed a shock serpent
   484 | D:5      | Noticed a naga
   485 | D:5      | Noticed a snapping turtle
   485 | D:5      | Noticed a snapping turtle
   486 | D:5      | Noticed a salamander
   504 | D:5      | Noticed Edmund
   508 | D:5      | Noticed a phantom
   538 | D:6      | Noticed an ogre
   582 | D:6      | Noticed a phantom
   611 | D:6      | Killed from afar by an orc priest

Illustrated notes

Levels and vault maps discovered:
D:1:      dpeg_arrival_concentric_ovals, layout_rooms
D:2:      layout_loops_ring, serial_shops, nicolae_shop_hallway_stairs,
          minmay_tree_intersection, minmay_surrounded
D:3:      layout_rooms, gammafunk_ghost_stat_death,
          chequers_ecumenical_altar_grove, uniq_terence
D:4:      layout_rooms, mainiacjoe_overflow_six_doors_small, uniq_eustachio,
          uniq_blork_the_orc
D:5:      layout_cave_pools, grunt_ashenzari_visionary
          [grunt_ashenzari_visionary_shoals, grunt_ashenzari_visionary_snake],
          mainiacjoe_overflow_cross_hatched, uniq_edmund
D:6:      layout_basic, bh_walls_and_bars

Skill      XL: |  1  2 |
---------------+-------+-----
Dodging        | 5 |  5.1
Fighting       | |  2.7
Short Blades   | |  3.2

Action                     || total
---------------------------++-------
  Melee: Short sword       ||    55
    Use: Scroll            ||     1
 Armour: Robe              ||    18
  Dodge: Dodged            ||    47

Table legend: (Time is in decaauts)
 A = Elapsed time spent in this place.
 B = Non-inter-level travel time spent in this place.
 C = Inter-level travel time spent in this place.
 D = Time resting spent in this place.
 E = Time spent auto-exploring this place.
 F = Levels seen in this place.
 G = Mean time per level.
                   A        B        C        D        E       F      G
               +--------+--------+--------+--------+--------+-----+--------+
         Total |    402 |    402 |      0 |      0 |    180 |   6 |   67.0 |
       Dungeon |    402 |    402 |      0 |      0 |    180 |   6 |   67.0 |
               +--------+--------+--------+--------+--------+-----+--------+

Top non-repeatable levels by time:
     D:2: 197 daAuts
     D:6: 62 daAuts
     D:1: 55 daAuts
     D:4: 52 daAuts
     D:5: 28 daAuts
     D:3: 5 daAuts
